[Event "ICCopen2017"]
[Site "Internet Chess Club"]
[Date "2017.04.02"]
[Round "3"]
[White "Alright2015"]
[Black "MassCarnage"]
[Result "0-1"]
[ICCResult "White forfeits on time"]
[WhiteElo "2243"]
[BlackElo "1970"]
[Opening "Réti opening"]
[ECO "A04"]
[NIC "QP.11"]
[Time "19:28:58"]
[TimeControl "180+0"]

1. Nf3 b5 2. a4 b4 3. c4 bxc3 4. bxc3 Nf6 5. d4 e6 6. Nbd2 Bb7 7. Qc2 d6 8.
e4 Nbd7 9. Bd3 h6 10. O-O g5 11. Nc4 Rb8 12. e5 Nd5 13. exd6 cxd6 14. Re1
Rg8 15. Ba3 N7f6 16. Rab1 Nf4 17. Bf1 Bd5 18. Ne3 Be4 19. Rxb8 Qxb8 20. Qa2
Bxf3 21. gxf3 g4 22. d5 gxf3+ 23. Kh1 Qa8 24. dxe6 fxe6 25. Qc4 e5 26. Nf5
Kd7 27. Rd1 d5 28. Qb5+ Qc6 29. Bxf8 Rxf8 30. c4 Qxb5 31. axb5 d4 32. Nxd4
Kc7 33. Nb3 Ne4 34. Ra1 Rg8 35. Ra2 Ne2 36. Rxa7+ Kb8 37. Rg7 Rxg7
{White forfeits on time}
0-1

[Event "ICCopen2017"]
[Site "Internet Chess Club"]
[Date "2017.04.02"]
[Round "3"]
[White "aplusk"]
[Black "manusupergm2001"]
[Result "1-0"]
[ICCResult "Black checkmated"]
[WhiteElo "2673"]
[BlackElo "2215"]
[Opening "Queen's pawn"]
[ECO "A40"]
[NIC "QO.17"]
[Time "19:28:40"]
[TimeControl "180+0"]

1. d4 e6 2. Nf3 d5 3. e3 c5 4. c4 Nf6 5. cxd5 exd5 6. Nc3 Be7 7. dxc5 Bxc5
8. Bb5+ Nc6 9. O-O O-O 10. b3 d4 11. Na4 Bd6 12. Bxc6 bxc6 13. Qxd4 Qc7 14.
Rd1 Rd8 15. Ba3 Bxh2+ 16. Nxh2 Rxd4 17. Rxd4 Be6 18. Bd6 Qa5 19. Rc1 Nd5 20.
Nf3 Rd8 21. Bc5 Qc7 22. Rcd1 Re8 23. Rc1 Nf6 24. Bd6 Qa5 25. Be5 Nd5 26.
Rxc6 Rc8 27. Rxc8+ Bxc8 28. Bd6 Be6 29. Bc5 h6 30. Kh2 Qc7+ 31. Kg1 Nc3 32.
Nxc3 Qxc5 33. Ne4 Qc1+ 34. Kh2 Qb2 35. Rd2 Qa3 36. Nd4 Bd5 37. Nc3 Bb7 38.
Nce2 Qb4 39. Rc2 Qe1 40. Ng3 Kh7 41. Ndf5 h5 42. Rc7 h4 43. Rxb7 hxg3+ 44.
Nxg3 Qxf2 45. Rxa7 Qxe3 46. Rxf7 Kg6 47. Rf3 Qh6+ 48. Kg1 Qc1+ 49. Nf1 Qb2
50. Rf2 Qd4 51. g3 Kg5 52. Nh2 Qe4 53. Rf4 Qb1+ 54. Kg2 Qxa2+ 55. Rf2 Qxb3
56. Nf3+ Kg6 57. Ne5+ Kh7 58. Nf3 Qd5 59. Rd2 Kg6 60. Rxd5 Kf6 61. Rd4 g5
62. g4 Ke6 63. Nxg5+ Ke5 64. Nf3+ Kf6 65. g5+ Kf5 66. Rd6 Kf4 67. Rf6+ Ke4
68. g6 Ke3 69. g7 Kd3 70. g8=Q Ke3 71. Qe6+ Kd3 72. Rf7 Kc3 73. Rd7 Kb4 74.
Qc6 Ka5 75. Rd8 Kb4 76. Rb8+ Ka5 77. Qa8# {Black checkmated} 1-0

[Event "ICCopen2017"]
[Site "Internet Chess Club"]
[Date "2017.04.02"]
[Round "3"]
[White "MrNobody84"]
[Black "Bojongrenged"]
[Result "1-0"]
[ICCResult "Black forfeits on time"]
[WhiteElo "1631"]
[BlackElo "1675"]
[Opening "Van't Kruijs opening"]
[ECO "A00"]
[Time "19:29:07"]
[TimeControl "180+0"]

1. e3 d5 2. Ne2 c6 3. d4 Bf5 4. c3 e6 5. Nd2 Nf6 6. h3 h6 7. g4 Bg6 8. Bg2
Nbd7 9. Nf1 Ne4 10. Nfg3 Nxg3 11. Nxg3 Bd6 12. Ne2 Nf6 13. f3 Qc7 14. h4
Bg3+ 15. Kf1 h5 16. g5 Nd7 17. f4 Bxf4 18. Nxf4 Bf5 19. Qe2 O-O-O 20. a4 e5
21. Nd3 exd4 22. cxd4 Rde8 23. Nf2 Qg3 24. Qf3 Qd6 25. Qxf5 g6 26. Qf4 Qb4
27. Nd3 Qc4 28. Ke2 f5 29. gxf6 Rhf8 30. Bh3 Re4 31. Qd6 Rf7 32. Bxd7+ Rxd7
33. Qb4 Qc2+ 34. Bd2 c5 35. Nxc5 Rc7 36. Nxe4 dxe4 37. Qf8+ Kd7 38. Qe7+ Kc8
39. Qe6+ Kb8 40. Rad1 Qd3+ 41. Kf2 a6 42. Qe5 Qc4 43. Bc3 Qf7 44. d5 Ka8 45.
d6 {Black forfeits on time} 1-0

[Event "ICCopen2017"]
[Site "Internet Chess Club"]
[Date "2017.04.02"]
[Round "3"]
[White "Pashket"]
[Black "intermaster"]
[Result "1-0"]
[ICCResult "Black forfeits on time"]
[WhiteElo "2644"]
[BlackElo "2210"]
[Opening "Sicilian: dragon, Yugoslav attack, Rauser variation"]
[ECO "B76"]
[NIC "SI.17"]
[Time "19:29:27"]
[TimeControl "180+0"]

1. e4 c5 2. Nf3 d6 3. d4 cxd4 4. Nxd4 Nf6 5. f3 g6 6. Nc3 Bg7 7. Be3 Nc6 8.
Qd2 O-O 9. O-O-O d5 10. Qe1 Be6 11. e5 Nxe5 12. Nxe6 fxe6 13. Bd4 Nf7 14.
Qxe6 Rc8 15. Bxf6 Bxf6 16. Nxd5 Qa5 17. Bc4 Rc6 18. Qe4 Kg7 19. Nxf6 exf6
20. Bb3 Rc7 21. h4 Qe5 22. Rhe1 Qxe4 23. Rxe4 Rfc8 24. f4 Nh6 25. h5 Nf5 26.
hxg6 hxg6 27. c3 Ne7 28. Kc2 Nf5 29. Be6 Ng3 30. Red4 Re8 31. Rd7+ Re7 32.
Rxc7 Rxc7 33. Rd7+ Rxd7 34. Bxd7 Ne2 35. f5 g5 36. Bc8 b6 37. Bb7 Kf8 38.
Kd3 Nf4+ 39. Ke3 Ke7 40. Bf3 Kd6 41. g3 Nh3 42. Bg4 Ng1 43. Kf2 Ke5 44. Kxg1
Ke4 45. Kf2 Kd3 46. Kf3 Kc2 47. Ke4 Kxb2 48. Kd5 Kxa2 49. Ke6 a5 50. Kxf6 a4
51. Bf3 a3 52. Bd5+ Kb2 53. Kxg5 Kxc3 54. f6 Kd4 55. Ba2
{Black forfeits on time}
1-0

[Event "ICCopen2017"]
[Site "Internet Chess Club"]
[Date "2017.04.02"]
[Round "3"]
[White "azchess15"]
[Black "EddieBarber"]
[Result "1-0"]
[ICCResult "Black forfeits on time"]
[WhiteElo "2107"]
[BlackElo "1688"]
[Opening "Sicilian: Najdorf, Zagreb (fianchetto) variation"]
[ECO "B91"]
[NIC "SI.14"]
[Time "19:29:42"]
[TimeControl "180+0"]

1. e4 c5 2. Nf3 d6 3. d4 cxd4 4. Nxd4 Nf6 5. Nc3 a6 6. g3 e5 7. Nb3 Be6 8.
Bg2 Nc6 9. O-O Be7 10. Bd2 O-O 11. Nd5 Bxd5 12. exd5 Nb8 13. c4 Nbd7 14. Rc1
b6 15. Be3 a5 16. Nd2 Nc5 17. b3 Nfd7 18. a3 f5 19. f4 e4 20. b4 axb4 21.
axb4 Nd3 22. Rb1 Ra2 23. Nxe4 fxe4 24. Bxe4 N7c5 25. Bxd3 Nxd3 26. Qxd3 Bf6
27. g4 Qd7 28. f5 Be5 29. Rf2 {Black forfeits on time} 1-0

[Event "ICCopen2017"]
[Site "Internet Chess Club"]
[Date "2017.04.02"]
[Round "3"]
[White "sanka"]
[Black "kabindra"]
[Result "0-1"]
[ICCResult "White forfeits on time"]
[WhiteElo "1327"]
[BlackElo "1581"]
[Opening "QP counter-gambit (elephant gambit)"]
[ECO "C40"]
[NIC "KP.10"]
[Time "19:29:51"]
[TimeControl "180+0"]

1. e4 e5 2. Nf3 d5 3. exd5 e4 4. Nd4 Qxd5 5. c3 Nf6 6. d3 Bd6 7. dxe4 Nxe4
8. Nd2 Nxd2 9. Bxd2 O-O 10. Be2 Qxg2 11. Bf3 Re8+ 12. Be3 Qg6 13. Qd2 c5 14.
Ne2 Nc6 15. O-O-O Bc7 16. Rhg1 Qf6 17. Bxc6 Qxc6 18. Kb1 Bf5+ 19. Ka1 Rad8
20. Qc1 Bd3 21. Nf4 Bc4 22. Nh5 g6 23. Bg5 Rxd1 24. Qxd1 Be2 25. Qc1 Be5 26.
Be3 Bxh5 27. Qc2 Bf3 28. Re1 Be4 29. Qd2 Bf6 30. Bh6 Rd8
{White forfeits on time}
0-1

[Event "ICCopen2017"]
[Site "Internet Chess Club"]
[Date "2017.04.02"]
[Round "3"]
[White "TeddyBear"]
[Black "Zheus"]
[Result "0-1"]
[ICCResult "White forfeits on time"]
[WhiteElo "1644"]
[BlackElo "1990"]
[Opening "Old Indian defense"]
[ECO "A53"]
[NIC "OI.04"]
[Time "19:29:45"]
[TimeControl "180+0"]

1. d4 Nf6 2. c4 d6 3. Nc3 Nbd7 4. Nf3 c6 5. Bg5 e5 6. e3 Qc7 7. Rc1 Be7 8.
Bd3 O-O 9. O-O Re8 10. d5 cxd5 11. cxd5 Nc5 12. Bb1 Qb6 13. Qc2 h6 14. Bh4
Bg4 15. Nd2 Rac8 16. h3 Bh5 17. f4 exf4 18. Rxf4 Bg6 19. Qd1 Nd3 20. Bxd3
Qxe3+ 21. Rf2 Bxd3 22. Kh1 Ne4 23. Rf3 Qxd2 24. Qxd2 Nxd2 25. Rxd3 Bxh4 26.
Rxd2 Bg5 27. Rcd1 Bxd2 28. Rxd2 Re5 29. Nb5 Rc1+ 30. Kh2 Rc5 31. Nxd6 Rexd5
32. Rxd5 Rxd5 33. Nxb7 Rb5 34. Nd6 Rxb2 {White forfeits on time} 0-1

[Event "ICCopen2017"]
[Site "Internet Chess Club"]
[Date "2017.04.02"]
[Round "3"]
[White "sacov"]
[Black "Svinotigr"]
[Result "0-1"]
[ICCResult "White checkmated"]
[WhiteElo "2194"]
[BlackElo "1777"]
[Opening "Queen's Pawn"]
[ECO "A41"]
[NIC "QO.17"]
[Time "19:29:51"]
[TimeControl "180+0"]

1. d4 d6 2. Nf3 Nd7 3. c4 e5 4. Nc3 g6 5. Bg5 Ngf6 6. dxe5 dxe5 7. e4 Bg7 8.
Qd2 O-O 9. O-O-O Re8 10. c5 Qe7 11. c6 bxc6 12. Kb1 Nc5 13. h3 Ne6 14. Bh4
Rd8 15. Qc1 Rxd1 16. Qxd1 Qb4 17. a3 Qa5 18. Bc4 Nd4 19. Nxd4 exd4 20. Qxd4
Nd5 21. e5 Nxc3+ 22. bxc3 Bxe5 23. Qd8+ Kg7 24. Qe7 Bf5+ 25. Ka2 Qxc3 26.
Qxf7+ Kh6 27. Bg5+ Kxg5 28. f4+ Bxf4 29. h4+ Kh6 30. g4 Bd3 31. g5+ Kh5 32.
Qxh7+ Kg4 33. Be6+ Kf3 34. Rh3+ Bg3 35. Rxg3+ Kxg3 36. Qf7 Qc2+ 37. Ka1 Qb1#
{White checkmated}
0-1

[Event "ICCopen2017"]
[Site "Internet Chess Club"]
[Date "2017.04.02"]
[Round "3"]
[White "frentz"]
[Black "x-plica"]
[Result "0-1"]
[ICCResult "White forfeits on time"]
[WhiteElo "1941"]
[BlackElo "1455"]
[Opening "French defense"]
[ECO "C01"]
[NIC "FR.01"]
[Time "19:28:53"]
[TimeControl "180+0"]

1. e4 e6 2. d4 c5 3. c3 a6 4. Bd3 h6 5. Ne2 Be7 6. O-O b6 7. Be3 d6 8. Nd2
Bb7 9. f4 Nf6 10. h3 Qc7 11. Rc1 b5 12. Bb1 c4 13. e5 Nd5 14. Bf2 Nd7 15.
Nf3 a5 16. exd6 Bxd6 17. f5 Nf4 18. Nxf4 Bxf4 19. fxe6 Nf6 20. exf7+ Kxf7
21. Ne5+ Bxe5 22. dxe5 Qxe5 23. Bd4 Qg5 24. Qe2 Rhe8 25. Qf2 Kg8 26. Bc2 Re6
27. Rce1 Rae8 28. Rxe6 Rxe6 29. Bf5 Re7 30. h4 Qh5 31. Bxf6 Re2 32. Be6+
Rxe6 33. Qc5 Rxf6 34. Qxh5 Rxf1+ 35. Kxf1 Kh7 {White forfeits on time} 0-1

[Event "ICCopen2017"]
[Site "Internet Chess Club"]
[Date "2017.04.02"]
[Round "3"]
[White "EduZeraib"]
[Black "nahuels1992"]
[Result "0-1"]
[ICCResult "White checkmated"]
[WhiteElo "1396"]
[BlackElo "1656"]
[Opening "Ruy Lopez: Schliemann defense"]
[ECO "C63"]
[NIC "RL.06"]
[Time "19:29:01"]
[TimeControl "180+0"]

1. e4 e5 2. Nf3 Nc6 3. Bb5 f5 4. Bxc6 dxc6 5. Nxe5 Nf6 6. d3 fxe4 7. Bg5
exd3 8. Nxd3 Be7 9. O-O O-O 10. Nc3 Bf5 11. Re1 Bd6 12. Qf3 Bg6 13. Nf4 Bxf4
14. Qxf4 Qd7 15. Qc4+ Kh8 16. Rad1 Qf5 17. Bxf6 Rxf6 18. Qe2 Raf8 19. f3 h6
20. Ne4 Re6 21. Qf2 Qf4 22. Rd4 Rfe8 23. g3 Qf7 24. Kg2 Kh7 25. Red1 Bxe4
26. fxe4 Qxf2+ 27. Kxf2 Rxe4 28. Rxe4 Rxe4 29. Rd7 Rc4 30. Rxc7 Rxc2+ 31.
Kf3 Rxb2 32. a4 Kg6 33. h4 Kf6 34. g4 g5 35. h5 Rb3+ 36. Ke4 Rb4+ 37. Kf3
Rf4+ 38. Kg3 Rxa4 39. Rh7 Ra3+ 40. Kg2 Ke6 41. Rxh6+ Ke5 42. Rh7 Kf4 43.
Rxb7 Kxg4 44. h6 Ra2+ 45. Kf1 Rh2 46. h7 a5 47. Ra7 a4 48. Rxa4+ Kg3 49. Ra7
c5 50. Ke1 c4 51. Rc7 g4 52. Rxc4 Rxh7 53. Rc3+ Kg2 54. Rc2+ Kh3 55. Rc3+ g3
56. Kf1 Rf7+ 57. Kg1 Ra7 58. Rc1 Ra2 59. Re1 Rg2+ 60. Kf1 Rh2 61. Re2 Rh1#
{White checkmated}
0-1

[Event "ICCopen2017"]
[Site "Internet Chess Club"]
[Date "2017.04.02"]
[Round "3"]
[White "tenho"]
[Black "ChessIncognito"]
[Result "0-1"]
[ICCResult "White forfeits on time"]
[WhiteElo "1957"]
[BlackElo "1638"]
[Opening "English opening"]
[ECO "A20"]
[NIC "EO.25"]
[Time "19:29:38"]
[TimeControl "180+0"]

1. c4 e5 2. g4 Nf6 3. g5 Ng8 4. d3 f5 5. Bg2 c6 6. Qb3 Bc5 7. Nc3 Ne7 8. Bd2
O-O 9. h4 d6 10. e3 Be6 11. Na4 Bb6 12. O-O-O Nd7 13. Bb4 Qc7 14. Kb1 Nc5
15. Bxc5 Bxc5 16. Nxc5 dxc5 17. Nf3 Rfd8 18. Qc3 e4 19. dxe4 fxe4 20. Ne5
Bf5 21. h5 Rxd1+ 22. Rxd1 Rd8 23. Rg1 Qd6 24. h6 Qd2 25. hxg7 Qxc3 26. bxc3
Kxg7 27. Kc2 Ng6 28. Nxg6 hxg6 29. Rh1 Rh8 30. Rxh8 Kxh8 31. Kb3 Kg7 32. a4
Kf7 33. a5 a6 34. f3 exf3 35. Bxf3 Ke6 36. e4 Bh3 37. Kc2 Ke5 38. Kd3 Bf1+
39. Ke3 Bxc4 40. Bg4 Be6 41. Be2 c4 42. Bf3 c5 43. Be2 Bd7 44. Bf3 Bc6 45.
Be2 Bd7 46. Bxc4 Bc6 47. Bf7 Bxe4 48. Be8 Bf5 49. Bf7 Kd6 50. Kf4 Kc7 51.
Ke5 b5 52. axb6+ Kxb6 53. Kf6 a5 54. Bxg6 Bxg6 55. Kxg6 a4 56. Kf6 a3 57. g6
a2 58. g7 a1=Q 59. g8=Q Qf1+ 60. Ke5 Qe2+ 61. Kd6 Qd3+ 62. Qd5 Qxd5+ 63.
Kxd5 Kb5 {White forfeits on time} 0-1

[Event "ICCopen2017"]
[Site "Internet Chess Club"]
[Date "2017.04.02"]
[Round "3"]
[White "Cu-Chulainn"]
[Black "MDRAFE3"]
[Result "1/2-1/2"]
[ICCResult "Game drawn because neither player has mating material"]
[WhiteElo "1649"]
[BlackElo "1978"]
[Opening "Sicilian defense"]
[ECO "B40"]
[NIC "SI.43"]
[Time "19:29:29"]
[TimeControl "180+0"]

1. e4 c5 2. Nf3 e6 3. c4 Nc6 4. Nc3 Nf6 5. Be2 d5 6. exd5 exd5 7. cxd5 Nxd5
8. Nxd5 Qxd5 9. O-O Be7 10. Re1 O-O 11. a3 Bf6 12. Qc2 Bf5 13. d3 Rad8 14.
Be3 b6 15. Rad1 Rfe8 16. Qa4 Re7 17. d4 Nxd4 18. Nxd4 cxd4 19. Bf3 Qa5 20.
Qxa5 bxa5 21. Bd2 Rxe1+ 22. Rxe1 h6 23. Bxa5 Rb8 24. b4 d3 25. Rd1 Rc8 26.
b5 Rc5 27. a4 Rc4 28. b6 axb6 29. Bxb6 Rxa4 30. Be3 g5 31. h3 Ra2 32. Kh2
Kg7 33. g4 Bg6 34. Kg2 Be5 35. Bd5 Rb2 36. Kf3 Rc2 37. Be4 Rc3 38. Bxg6 Kxg6
39. Ke4 Bf6 40. Rxd3 Rc2 41. Rd2 Rc4+ 42. Kf3 Ra4 43. Rd1 h5 44. gxh5+ Kxh5
45. Kg2 Kg6 46. Rd7 Bg7 47. Rd6+ f6 48. Rd7 Ra2 49. Bd4 Bh8 50. Kg3 Bg7 51.
f3 Rd2 52. h4 f5 53. Rxg7+ Kh6 54. Rxg5 Rxd4 55. Rxf5 Rd3 56. Rg5 Rc3 57.
Kg4 Rb3 58. f4 Rb4 59. Rg6+ Kxg6 60. h5+ Kh6 61. Kh4 Kh7 62. Kg3 Rb3+ 63.
Kg4 Rb4 64. Kf5 Kh6 65. Kf6 Kxh5 66. f5 Kg4 67. Kg6 Rf4 68. f6 Rb4 69. f7
Rb6+ 70. Kg7 Kg5 71. f8=Q Rb7+ 72. Qf7 Rxf7+ 73. Kxf7
{Game drawn because neither player has mating material}
1/2-1/2

[Event "ICCopen2017"]
[Site "Internet Chess Club"]
[Date "2017.04.02"]
[Round "3"]
[White "Mohammadmin"]
[Black "TerryR"]
[Result "0-1"]
[ICCResult "White checkmated"]
[WhiteElo "2177"]
[BlackElo "2585"]
[Opening "Réti: King's Indian attack, Yugoslav variation"]
[ECO "A05"]
[NIC "QP.11"]
[Time "19:29:51"]
[TimeControl "180+0"]

1. Nf3 Nf6 2. g3 d5 3. Bg2 c6 4. O-O Bg4 5. d4 e6 6. Nbd2 Nbd7 7. Re1 Be7 8.
e4 dxe4 9. Nxe4 O-O 10. c3 Nxe4 11. Rxe4 Bf5 12. Re1 Qb6 13. Qb3 Rac8 14.
Be3 Rfd8 15. Nd2 Bd3 16. Nc4 Qa6 17. Bf1 Bxf1 18. Rxf1 Nb6 19. Nxb6 axb6 20.
a3 Rd5 21. Qc2 Rcd8 22. Rfe1 b5 23. Qe4 Bf6 24. Rac1 Qa4 25. Qc2 Qxc2 26.
Rxc2 h5 27. h4 g6 28. Bf4 Bg7 29. Rce2 Ra8 30. Be5 Bf8 31. Kg2 b6 32. Bc7
Ra6 33. Be5 c5 34. Kf3 Ra7 35. Kg2 Rad7 36. Bf6 b4 37. axb4 cxb4 38. c4 Rf5
39. Be5 Bg7 40. Bxg7 Kxg7 41. Rd2 Ra5 42. Red1 Ra2 43. d5 Kf6 44. dxe6 Rxd2
45. Rxd2 Kxe6 46. Kf3 Ra1 47. Re2+ Kd6 48. Rd2+ Kc5 49. b3 Rc1 50. Rd3 Rc3
51. Ke3 Rc2 52. Kf3 f6 53. Ke3 b5 54. Rd5+ Kc6 55. Rxb5 Rc3+ 56. Kf4 Rxb3
57. f3 Rb1 58. Ke3 b3 59. Kf2 Rb2+ 60. Kg1 Kd6 61. Kf1 Kc6 62. Kg1 g5 63.
hxg5 fxg5 64. Kh1 h4 65. gxh4 gxh4 66. Kg1 h3 67. Kh1 Kd6 68. f4 Ke6 69.
Re5+ Kf6 70. Rb5 Kg6 71. Rg5+ Kh6 72. Rb5 Kg7 73. Rg5+ Kf7 74. Rb5 Ke6 75.
Re5+ Kd6 76. Rb5 Kc6 77. Kg1 Rg2+ 78. Kh1 b2 79. f5 Rc2 80. f6 Rc1+ 81. Kh2
b1=Q 82. Rxb1 Rxb1 83. Kg3 Rf1 84. Kxh3 Rxf6 85. Kg4 Re6 86. Kg5 Kc5 87. Kf5
Rc6 88. Ke5 Kxc4 89. Ke4 Rc5 90. Kf4 Rd5 91. Ke3 Rd4 92. Ke2 Kd5 93. Kf2 Ke5
94. Ke3 Rd5 95. Kf3 Rd3+ 96. Ke2 Ke4 97. Kf2 Re3 98. Kf1 Kf4 99. Kf2 Re4
100. Kg2 Re2+ 101. Kf1 Kf3 102. Kg1 Kg3 103. Kf1 Re3 104. Kg1 Re1#
{White checkmated}
0-1

[Event "ICCopen2017"]
[Site "Internet Chess Club"]
[Date "2017.04.02"]
[Round "3"]
[White "Wilsonpalencia"]
[Black "DoctorWho"]
[Result "0-1"]
[ICCResult "White forfeits on time"]
[WhiteElo "2526"]
[BlackElo "1955"]
[Opening "French: Tarrasch, Guimard main line"]
[ECO "C04"]
[NIC "FR.15"]
[Time "19:29:53"]
[TimeControl "180+0"]

1. e4 e6 2. d4 d5 3. Nd2 Nc6 4. Ngf3 Nf6 5. e5 Nd7 6. Bb5 a5 7. O-O Na7 8.
Bd3 b6 9. c4 Bb7 10. Qe2 Be7 11. b3 c5 12. Bb2 Rc8 13. Rad1 h6 14. Bb1 Qc7
15. Rfe1 Qb8 16. Qe3 Qa8 17. cxd5 Bxd5 18. Qf4 cxd4 19. Bxd4 Nc6 20. Ba1 a4
21. bxa4 g5 22. Qe3 Qxa4 23. Nb3 Qf4 24. Qxf4 gxf4 25. Nfd4 Nxd4 26. Nxd4
Rg8 27. f3 Bc5 28. Kh1 Ra8 29. Nb5 Rc8 30. Nc3 Bc6 31. Ne4 Ke7 32. Nxc5 Nxc5
33. Rd4 Rcd8 34. Rxf4 Rd2 35. Rg1 Nd3 36. Bxd3 Rxd3 37. Rd4 Ra3 38. Rb4 Rxa2
39. Rb2 Ra4 40. Rxb6 Bd5 41. Bc3 Rc8 42. Bb4+ Ke8 43. Bd6 Rac4 44. h4 h5 45.
Kh2 Rc2 46. Kg3 R2c3 47. Ra1 f5 48. Ra7 f4+ 49. Kxf4 R3c4+ 50. Kg5 Rg4+ 51.
Kf6 Rg6+ {White forfeits on time} 0-1

[Event "ICCopen2017"]
[Site "Internet Chess Club"]
[Date "2017.04.02"]
[Round "3"]
[White "bhaiju"]
[Black "Dewey"]
[Result "1-0"]
[ICCResult "Black resigns"]
[WhiteElo "1716"]
[BlackElo "1383"]
[Opening "Hungarian defense"]
[ECO "C50"]
[NIC "IG.03"]
[Time "19:33:12"]
[TimeControl "180+0"]

1. e4 e5 2. Nf3 Nc6 3. Bc4 Be7 4. O-O d6 5. c3 Nf6 6. Re1 O-O 7. h3 a6 8. a4
h6 9. d4 exd4 10. cxd4 Nh7 11. Nc3 Ng5 12. Nxg5 Bxg5 13. f4 Be7 14. Nd5 Bd7
15. f5 Bf6 16. Be3 Bg5 17. Qd2 Bxe3+ 18. Qxe3 Ne7 19. Nf4 b5 20. axb5 axb5
21. Bb3 c5 22. dxc5 dxc5 23. Qxc5 Rc8 24. Qe3 Nc6 25. Rad1 Qe7 26. Nd5 Qe5
27. Nb6 Rcd8 28. Nxd7 Rfe8 29. Nxe5 {Black resigns} 1-0

[Event "ICCopen2017"]
[Site "Internet Chess Club"]
[Date "2017.04.02"]
[Round "3"]
[White "notetengomiedo"]
[Black "Kheshig"]
[Result "0-1"]
[ICCResult "White forfeits on time"]
[WhiteElo "1871"]
[BlackElo "2612"]
[Opening "Caro-Kann: Tartakower (fantasy) variation"]
[ECO "B12"]
[NIC "CK.02"]
[Time "19:30:40"]
[TimeControl "180+0"]

1. e4 c6 2. d4 d5 3. f3 Qb6 4. Nc3 e5 5. dxe5 d4 6. Nce2 c5 7. Nf4 Nc6 8.
Nd5 Qd8 9. f4 Be6 10. c4 dxc3 11. Nxc3 Qxd1+ 12. Nxd1 O-O-O 13. Nf3 Nb4 14.
Ne3 f6 15. f5 Bxa2 16. Bd2 Bb3 17. e6 a6 18. Bxb4 cxb4 19. Bc4 Bc5 20. Bxb3
Bxe3 21. Ke2 Bb6 22. Rac1+ Kb8 23. Rc4 a5 24. Rd1 Ne7 25. Ba4 Rxd1 26. Kxd1
Rd8+ 27. Ke2 g6 28. g4 Ba7 29. Bd7 Bb6 30. h4 gxf5 31. exf5 h6 32. g5 hxg5
33. hxg5 Nxf5 34. gxf6 Nd6 35. Rf4 Bc5 36. f7 Nxf7 37. Rxf7 Ka7 38. Ne5 Kb6
39. Nc4+ Kc7 40. Bb5+ Kb8 41. e7 Bxe7 42. Rxe7 Rh8 43. Nxa5 Rh2+ 44. Kf3
Rh3+ {White forfeits on time} 0-1

[Event "ICCopen2017"]
[Site "Internet Chess Club"]
[Date "2017.04.02"]
[Round "3"]
[White "Radja"]
[Black "Molton"]
[Result "0-1"]
[ICCResult "White forfeits on time"]
[WhiteElo "2413"]
[BlackElo "3061"]
[Opening "Sicilian: Taimanov variation"]
[ECO "B48"]
[NIC "SI.40"]
[Time "19:30:32"]
[TimeControl "180+0"]

1. e4 c5 2. Nf3 e6 3. d4 cxd4 4. Nxd4 Nc6 5. Nc3 Qc7 6. Be3 a6 7. Qd2 Nf6 8.
O-O-O Be7 9. f3 b5 10. g4 Nxd4 11. Bxd4 Bb7 12. Kb1 O-O 13. h4 Rac8 14. Bd3
d6 15. h5 Nd7 16. h6 g6 17. g5 Ne5 18. Rhf1 Nc4 19. Bxc4 Qxc4 20. a3 a5 21.
Bg7 Rfd8 22. Qd4 b4 23. Qxc4 Rxc4 24. axb4 axb4 25. Nb5 Ba6 26. Nd4 Bxg5 27.
Rg1 Be3 28. Rge1 Bf2 29. Rh1 Rdc8 30. b3 R4c7 31. Rd2 Be3 32. Rg2 Bf4 33.
Rh4 Be5 34. Kb2 Bxg7 35. hxg7 Kxg7 36. Rgh2 h5 37. f4 Kf6 38. e5+ dxe5 39.
fxe5+ Kxe5 40. Nf3+ Kf6 41. Rxb4 Bb7 42. Nd4 Bd5 43. Rf2+ Kg7 44. Nb5 Rb7
45. c4 Bc6 46. Nd6 Rxb4 47. Nxc8 Rb8 48. Nd6 Ba4 49. Rxf7+ Kh6 50. Rf3 Bxb3
51. Nf7+ Kg7 {White forfeits on time} 0-1

[Event "ICCopen2017"]
[Site "Internet Chess Club"]
[Date "2017.04.02"]
[Round "3"]
[White "Jojua"]
[Black "J575"]
[Result "0-1"]
[ICCResult "White forfeits on time"]
[WhiteElo "1475"]
[BlackElo "1684"]
[Opening "Polish (Sokolsky) opening"]
[ECO "A00"]
[NIC "VO.10"]
[Time "19:31:21"]
[TimeControl "180+0"]

1. b4 d5 2. Bb2 d4 3. Nf3 e5 4. Nxe5 Bxb4 5. Nf3 Bc5 6. d3 Nf6 7. g3 O-O 8.
Bg2 Re8 9. O-O Nc6 10. h3 h5 11. Nbd2 Qe7 12. Re1 h4 13. Nxh4 Nh5 14. Ne4
Bb6 15. Nf3 f5 16. Neg5 Be6 17. Qd2 Bd5 18. c4 dxc3 19. Qxc3 Nxg3 20. e3 Nh5
21. h4 Rad8 22. Bh3 Ba5 23. Qc2 Bxe1 24. Rxe1 f4 25. exf4 Qxe1+ 26. Nxe1
Rxe1+ 27. Bf1 Nxf4 28. Qd2 Nh3+ 29. Kh2 Rxf1 30. Kxh3 Rf8 31. Ne4 Bxe4 32.
dxe4 R1xf2 33. Qd5+ Kh7 34. Qh5+ Kg8 35. Qd5+ Kh7 36. Qh5+ Kg8 37. Qd5+ R8f7
38. Bc1 Ne7 39. Qe6 Rf3+ 40. Kg2 Rf6 41. Qc4 c6 42. Bg5 Rg6 43. Kh2 Nc8 44.
Qd4 Rd6 45. Qe5 Kh7 46. h5 b5 47. Bf4 Rdf6 48. Bg3 Ne7 49. Qd4 Ng8 50. Qd3
Nh6 51. e5+ Rf5 52. e6 Re7 {White forfeits on time} 0-1

[Event "ICCopen2017"]
[Site "Internet Chess Club"]
[Date "2017.04.02"]
[Round "3"]
[White "Eigeneier"]
[Black "ElMarginal"]
[Result "1-0"]
[ICCResult "Black forfeits on time"]
[WhiteElo "1774"]
[BlackElo "1411"]
[Opening "Queen's pawn game, Darooha variation "]
[ECO "D02"]
[NIC "QP.06"]
[Time "19:31:37"]
[TimeControl "180+0"]

1. d4 Nf6 2. Nf3 d5 3. c4 Nc6 4. cxd5 Nxd5 5. e4 Nf6 6. Nc3 e6 7. Bc4 Bb4 8.
Qd3 O-O 9. O-O Na5 10. Bb5 a6 11. Ba4 b5 12. Bc2 g6 13. Bg5 Be7 14. Rfd1 Bb7
15. e5 Nd5 16. Bxe7 Nxe7 17. Ne4 Bxe4 18. Qxe4 Nd5 19. Rac1 Nc4 20. b3 Ncb6
21. Bb1 Rc8 22. h4 Qe7 23. h5 f5 24. exf6 Nxf6 25. Qb7 Nbd5 26. hxg6 h6 27.
Ne5 Kg7 28. Qxa6 Nb4 29. Qxb5 Nbd5 30. Qc5 Qxc5 31. dxc5 Rfd8 32. c6 Nh5 33.
Nd7 Nhf4 34. Nc5 {Black forfeits on time} 1-0

[Event "ICCopen2017"]
[Site "Internet Chess Club"]
[Date "2017.04.02"]
[Round "3"]
[White "cloak1"]
[Black "BJJ"]
[Result "1-0"]
[ICCResult "Black forfeits on time"]
[WhiteElo "1834"]
[BlackElo "1277"]
[Opening "Scandinavian defense"]
[ECO "B01"]
[NIC "SD.03"]
[Time "19:33:36"]
[TimeControl "180+0"]

1. e4 d5 2. exd5 Nf6 3. Bb5+ c6 4. dxc6 Nxc6 5. d4 Qa5+ 6. Nc3 Bd7 7. Nf3 a6
8. Bc4 e6 9. Bd2 Qb6 10. d5 Nxd5 11. Nxd5 exd5 12. Bxd5 Bd6 13. O-O O-O-O
14. Bc3 f6 15. a4 Bg4 16. h3 Bh5 17. a5 Qc7 18. Be6+ Kb8 19. Qe2 Rhe8 20.
Rfe1 Ne5 21. Bxe5 Bxe5 22. Qc4 Bxf3 23. gxf3 Qxc4 24. Bxc4 Rc8 25. Bd3 Bxb2
26. Rxe8 Rxe8 27. Rb1 Be5 28. Bxa6 Re7 29. Bd3 h6 30. a6 Ka7 31. axb7 Rxb7
32. Re1 Rb2 33. Kg2 Rb7 34. Re4 Re7 35. f4 Kb8 36. fxe5 Kc8 37. Rb4 Rxe5 38.
Rc4+ Kd7 39. Rd4+ Ke6 40. Re4 Ke7 41. Rxe5+ fxe5 42. Kg3 Kf6 43. Kh4 g6 44.
Kg3 g5 45. Kg2 g4 46. f3 h5 47. Kg3 h4+ 48. Kxh4 {Black forfeits on time}
1-0

[Event "ICCopen2017"]
[Site "Internet Chess Club"]
[Date "2017.04.02"]
[Round "4"]
[White "Sc6"]
[Black "ophiuchus13"]
[Result "1-0"]
[ICCResult "Black checkmated"]
[WhiteElo "1699"]
[BlackElo "1205"]
[Opening "Caro-Kann defense"]
[ECO "B11"]
[NIC "CK.01"]
[Time "19:40:39"]
[TimeControl "180+0"]

1. e4 c6 2. Nc3 e6 3. Nf3 Bb4 4. d4 Bxc3+ 5. bxc3 f6 6. Bd3 Ne7 7. O-O Qc7
8. e5 f5 9. Ng5 b5 10. Qh5+ Kd8 11. Nf7+ Ke8 12. Nxh8+ Kf8 13. Qf7#
{Black checkmated}
1-0

[Event "ICCopen2017"]
[Site "Internet Chess Club"]
[Date "2017.04.02"]
[Round "4"]
[White "Shech"]
[Black "findles"]
[Result "1-0"]
[ICCResult "Black resigns"]
[WhiteElo "2453"]
[BlackElo "1901"]
[Opening "Queen's bishop game"]
[ECO "D02"]
[NIC "QP.09"]
[Time "19:41:45"]
[TimeControl "180+0"]

1. Nf3 d5 2. d4 Nf6 3. Bf4 e6 4. e3 c5 5. c3 Nc6 6. Nbd2 cxd4 7. exd4 Nh5 8.
Be3 Bd6 9. g3 O-O 10. Bd3 f5 11. Ne5 f4 12. Qxh5 {Black resigns} 1-0